 Dungeon Crawl Stone Soup version 0.30-a0-586-g23e55c9e0a (webtiles) character file.

Game seed: 4359606165948293796

241 Dirtsage the Slasher (level 5, -6/42 HPs)
             Began as a Demonspawn Fighter on Jan 3, 2023.
             Mangled by Edmund
             ... wielding a +6 dire flail of holy wrath
              (9 damage)
             ... on level 4 of the Dungeon.
             The game lasted 00:05:53 (1931 turns).

Dirtsage the Slasher (Demonspawn Fighter)           Turns: 1931, Time: 00:05:54

Health: -6/42      AC: 10    Str: 16    XL:     5   Next: 80%
Magic:  5/5        EV:  6    Int:  9    God:
Gold:   154        SH:  5    Dex: 15    Spells: 4/4 levels left

rFire   . . .      SeeInvis .    a - +0 long sword
rCold   . . .      Faith    .    c - +0 buckler
rNeg    . . .      Spirit   .    n - +2 chain mail {Will+}
rPois   .          Reflect  .    (no helmet)
rElec   .          Harm     .    (no cloak)
rCorr   .          Rampage  .    (no gloves)
Will    +....                    (no boots) Stlth
                                 (no amulet)
HPRegen 0.27/turn                W - ring of wizardry
MPRegen 0.09/turn                (no ring)

@: mighty
A: spiny 2
a: no special abilities


You were on level 4 of the Dungeon.
You visited 1 branch of the dungeon, and saw 4 of its levels.

You collected 154 gold pieces.

Inventory:

Hand Weapons
 a - a +0 long sword (weapon)
Armour
 b - a +0 scale mail
 c - a +0 buckler (worn)
 n - a +2 chain mail of willpower (worn)
Jewellery
 W - a ring of wizardry (left hand)
Wands
 D - a wand of digging (5)
Scrolls
 e - 3 scrolls of enchant armour {unknown}
 f - 4 scrolls of identify {unknown}
 g - a scroll of blinking {unknown}
 h - a scroll of vulnerability {unknown}
 k - a scroll of teleportation {unknown}
 l - a scroll of amnesia {unknown}
 m - a scroll of fog {unknown}
 r - a scroll of poison {unknown}
 s - a scroll of magic mapping {unknown}
Potions
 i - a potion of mutation {unknown}
 j - a potion of berserk rage {unknown}
 o - 3 potions of curing {unknown}
 p - 2 potions of lignification {unknown}
 q - a potion of haste {unknown}


   Skills:
 + Level 4.1 Fighting
 * Level 4.1 Long Blades
 - Level 2.6 Armour
 + Level 3.7 Shields


You had 4 spell levels left.
You didn't know any spells.
Your spell library contained the following spells:

 Spells                   Type           Power      Damage    Failure   Level
 Summon Guardian Golem    Hex/Summ       0%         N/A       100%        3
 Vhi's Electric Charge    Tloc/Air       0%         N/A       100%        3
 Arcjolt                  Conj/Air       0%         1d10      100%        5
 Orb of Destruction       Conj           0%         9d5       100%        7
 Spellforged Servitor     Conj/Summ      0%         N/A       100%        7
 Maxwell's Capacitive Co  Air            0%         ∞         100%        8


Dungeon Overview and Level Annotations

Branches:
Dungeon (4/15)
 Temple: D:4-7

Altars:
Qazlal
Trog
Yredelemnul

Annotations:
D:4 Edmund


Innate Abilities, Weirdness & Mutations

You are mostly covered in sharp spines.


Message History

You feel very mighty all of a sudden.
You slash Edmund!
Edmund is lightly wounded.
Edmund hits you with a +6 dire flail of holy wrath.
You convulse.
A kobold comes into view. It is wielding a +0 dagger.
Edmund hits you with a +6 dire flail of holy wrath.
You convulse.
You take 5 damage, and have 37/42 hp.
You barely miss Edmund.
Edmund is lightly wounded.
The kobold shouts!
Edmund is struck by your spines.
Edmund hits you with a +6 dire flail of holy wrath.
You convulse.
You take 7 damage, and have 30/42 hp.
You barely miss Edmund.
Edmund is lightly wounded.
Edmund is struck by your spines.
Edmund hits you with a +6 dire flail of holy wrath!
You convulse.
You take 16 damage, and have 14/42 hp.
MASSIVE DAMAGE!!
You closely miss Edmund.
Edmund is moderately wounded.
Edmund hits you but does no damage.
You barely miss Edmund.
Edmund is moderately wounded.
Edmund says, "I'm quite good with sums, too."
Edmund hits you with a +6 dire flail of holy wrath.
* * * LOW HITPOINT WARNING * * *
You convulse.
* * * LOW HITPOINT WARNING * * *
You take 5 damage, and have 9/42 hp.
You slash Edmund!
Edmund is heavily wounded.
Edmund is struck by your spines.
Edmund hits you with a +6 dire flail of holy wrath!
* * * LOW HITPOINT WARNING * * *
You convulse!
You die...

#...##.........# #....#.....
#..............# ###..........
##.#...................##.....
###...####...####....####....
#...# #....###......###....
#... #...#.....#...##..##
##.......##...##...#
...##....†.)..##...##..#
....K.@@..#........#...#
.....##..###.......#.... ...
#....#.....#...#.. #
.....###....##..#..
...>####.....###.... ......#
##...##...... .#.....
#....####.... ##...# #....#
##... #..... #...


You could see Edmund and a kobold.

Vanquished Creatures
  Sigmund (D:3)
  2 adders
  A dart slug (D:1)
  10 orcs
  5 ball pythons
  5 endoplasms
  A giant cockroach (D:2)
  5 goblins
  7 hobgoblins
  3 quokkas
  6 bats
  5 frilled lizards
  6 kobolds
  A rat (D:2)
58 creatures vanquished.

Notes
Turn   | Place    | Note
-------+----------+-------------------------------------------
     0 | D:1      | Dirtsage the Demonspawn Fighter began the quest for the
                  | Orb.
     0 | D:1      | Reached XP level 1. HP: 18/18 MP: 1/1
   193 | D:1      | Found a faded altar of an unknown god.
   206 | D:1      | Gained mutation: You are partially covered in sharp spines.
                  | [demonic ancestry]
   206 | D:1      | Reached XP level 2. HP: 13/24 MP: 2/2
   744 | D:1      | Gained mutation: You are mostly covered in sharp spines.
                  | [demonic ancestry]
   744 | D:1      | Reached XP level 3. HP: 26/29 MP: 3/3
  1305 | D:3      | Noticed Sigmund
  1313 | D:3      | Killed Sigmund
  1314 | D:3      | Reached XP level 4. HP: 32/37 MP: 4/4
  1314 | D:3      | Reached XP level 5. HP: 37/42 MP: 5/5
  1604 | D:3      | Found a basalt altar of Yredelemnul.
  1604 | D:3      | Found a bloodstained altar of Trog.
  1663 | D:3      | Found a stormy altar of Qazlal.
  1922 | D:4      | Noticed Edmund
  1931 | D:4      | Mangled by Edmund

Illustrated notes

Levels and vault maps discovered:
D:1:      dpeg_arrival_morbid_curiosity, layout_rooms,
          shapermc_ecumenical_altar_starsandcircs, minmay_misc_feat_chi,
          due_unseen_surprise
D:2:      layout_basic, minmay_vboxes
D:3:      layout_basic, nicolae_qazlal_scattered_showers, lemuel_doored_altar,
          jmf_multi_god_temple, uniq_sigmund
D:4:      layout_cave_pools, general_overflow_altar, minmay_misc_feat_doors,
          lightli_corner_chamber, uniq_crazy_yiuf_cottage, uniq_edmund

Skill      XL: |  1  2  3  4  5 |
---------------+----------------+-----
Long Blades    | 2 3 4 |  4.1
Shields        | 3 |  3.7
Fighting       | 4 |  4.1
Armour         | |  2.6

Action                   |  1- 3 |  4- 6 || total
-------------------------+-------+-------++-------
Melee: Long sword        |    71 |    37 ||   108
  Use: Potion            |       |     1 ||     1
Armor: Scale mail        |    31 |       ||    31
       Chain mail        |     1 |    22 ||    23
Dodge: Dodged            |    23 |     6 ||    29
Block: Buckler           |    16 |     6 ||    22

Table legend: (Time is in decaauts)
 A = Elapsed time spent in this place.
 B = Non-inter-level travel time spent in this place.
 C = Inter-level travel time spent in this place.
 D = Time resting spent in this place.
 E = Time spent auto-exploring this place.
 F = Levels seen in this place.
 G = Mean time per level.
                   A        B        C        D        E       F      G
               +--------+--------+--------+--------+--------+-----+--------+
         Total |   1962 |   1898 |     64 |      0 |   1551 |   4 |  490.5 |
       Dungeon |   1962 |   1898 |     64 |      0 |   1551 |   4 |  490.5 |
               +--------+--------+--------+--------+--------+-----+--------+

Top non-repeatable levels by time:
     D:1: 825 daAuts
     D:3: 546 daAuts
     D:2: 470 daAuts
     D:4: 120 daAuts
